 Dungeon Crawl Stone Soup version 0.29-a0-275-g389c0b56f3 (webtiles) character file.

Game seed: 8472768819385350740

60 Ajdolov the Sneak (level 4, -1/29 HPs)
             Began as an Octopode Transmuter on Mar 10, 2022.
             Slain by a jelly (2 damage)
             ... on level 2 of the Dungeon.
             The game lasted 00:03:13 (2823 turns).

Ajdolov the Sneak (Octopode Transmuter)             Turns: 2823, Time: 00:03:13

Health: -1/29      AC:  2    Str:  9    XL:     4   Next: 6%
Magic:  5/7        EV: 19    Int: 17    God:
Gold:   44         SH:  0    Dex: 17    Spells: 3/7 levels left

rFire   . . .      SeeInvis .     - Unarmed
rCold   . . .      Faith    .   (shield currently unavailable)
rNeg    . . .      Spirit   .   (helmet currently unavailable)
rPois   x          Reflect  .   (no amulet)
rElec   .          Harm     .   (no ring)
rCorr   .          Rampage  .   (no ring)
Will    .....                   (no ring)
Stlth   +++.......              (no ring)
HPRegen 0.09/turn               (no ring)
MPRegen 0.10/turn               (no ring)
                                (no ring)
                                (no ring)

@: spider-form (expiring)
A: venomous fangs, almost no armour, (amphibious), 8 rings, tiny, (camouflage
1), (gelatinous body 1), (nimble swimmer 1), (tentacles)
a: End Transformation


You were on level 2 of the Dungeon.
You were a venomous arachnid creature.
You visited 1 branch of the dungeon, and saw 2 of its levels.

You collected 44 gold pieces.

Inventory:

Jewellery
 c - an amulet of faith
Scrolls
 d - a scroll of enchant weapon {unknown}
 e - a scroll of noise {unknown}
Potions
 a - 2 potions of lignification
 b - a potion of degeneration {unknown}
 f - a potion of berserk rage {unknown}
 g - a potion of curing {unknown}
 h - a potion of attraction {unknown}


   Skills:
 + Level 1.8 Fighting
 - Level 2.0 Dodging
 - Level 4.0 Stealth
 + Level 3.4 Unarmed Combat
 - Level 2.0 Spellcasting
 - Level 2.0 Transmutations


You had 3 spell levels left.
You knew the following spells:

 Your Spells              Type           Power      Damage    Failure   Level
a - Beastly Appendage     Tmut           16%        N/A       22%         1
b - Spider Form           Tmut/Pois      5%         N/A       58%         3

Your spell library contained the following spells:

 Spells                   Type           Power      Damage    Failure   Level
 Wereblood                Tmut           8%         N/A       30%         2
 Magic Dart               Conj           4%         1d3       38%         1
 Call Imp                 Summ           1%         N/A       50%         2
 Mephitic Cloud           Conj/Pois/Air  1%         N/A       71%         3
 Ice Form                 Ice/Tmut       5%         N/A       90%         4


Dungeon Overview and Level Annotations

Branches:
Dungeon (2/15)

Altars:

Shops:
D:1 :


Innate Abilities, Weirdness & Mutations

You are a venomous arachnid creature.
You have poisonous fangs.
You are tiny and dextrous.
Your spellcasting is less reliable in this form.
Your armour is entirely melded.
You are incapable of wielding weapons or throwing items.
You cannot wear most types of armour.
((You are amphibious.))
You can wear up to eight rings at the same time.
((Your skin changes colour to match your surroundings (Stealth+).))
((Your rubbery body absorbs attacks. (AC +1, EV +1)))
((You are camouflaged when in or above water. (Stealth+)))
((You have tentacles for arms and can constrict up to eight enemies at once.))


Message History

You hit the endoplasm.
The endoplasm is moderately wounded.
Your transformation is almost over.
The endoplasm closely misses you.
Something hits the fungus.
You hit the endoplasm.
The endoplasm is almost dead.
The endoplasm freezes you.
You are frozen.
You hit the endoplasm.
You kill the endoplasm!
An endoplasm comes into view.
The jelly hits the fungus.
The fungus is splashed with acid.
The acid corrodes the fungus!
You hit the endoplasm.
The endoplasm is heavily wounded.
A nearby fungus withers and dies.
The endoplasm freezes you.
You are frozen.
An endoplasm comes into view.
You hit the endoplasm.
The endoplasm is almost dead.
The endoplasm freezes you.
You are frozen.
You hit the endoplasm.
You kill the endoplasm!
You hit the jelly but do no damage.
Your front legs burn!
The jelly completely misses you.
You hit the jelly.
Your front legs burn!
* * * LOW HITPOINT WARNING * * *
The jelly is lightly wounded.
The jelly misses you.
You hit the jelly.
Your front legs burn!
* * * LOW HITPOINT WARNING * * *
The jelly is moderately wounded.
The jelly barely misses you.
You hit the jelly.
Your front legs burn!
* * * LOW HITPOINT WARNING * * *
The jelly is heavily wounded.
The jelly hits you.
You die...

##### ### #.#..
#######.##
#.#.#####....#.#.#
..#.#.##.....#.#.#
#.#...'......#'#.#
......'.)).....#.#
#.###.'..).....#.#
#.# #.##)......#s#
#.#
#####......##JJ.P...
#.# ########
#.รท.... #.# ######
#.# #.#


You could see a jelly and an endoplasm.

Vanquished Creatures
  2 worms (D:2)
  4 ball pythons
  5 bats
  8 endoplasms
  A giant cockroach (D:1)
  8 goblins
  3 hobgoblins
  3 jackals (D:1)
  8 kobolds
  A quokka (D:1)
  2 frilled lizards (D:1)
  3 rats
48 creatures vanquished.

Vanquished Creatures (others)
  2 fungi (D:2)
  6 toadstools (D:2)
8 creatures vanquished.

Grand Total: 56 creatures vanquished

Notes
Turn   | Place    | Note
-------+----------+-------------------------------------------
     0 | D:1      | Ajdolov the Octopode Transmuter began the quest for the
                  | Orb.
     0 | D:1      | Reached XP level 1. HP: 13/13 MP: 3/3
    36 | D:1      | Reached skill level 1 in Stealth
   179 | D:1      | Reached skill level 2 in Stealth
   181 | D:1      | Reached XP level 2. HP: 12/18 MP: 5/5
   388 | D:1      | Reached skill level 3 in Stealth
   749 | D:1      | Found Figiwnar's Book Boutique.
   911 | D:1      | Reached XP level 3. HP: 23/23 MP: 6/6
  1077 | D:1      | Reached skill level 4 in Stealth
  1194 | D:1      | Learned a level 3 spell: Spider Form
  2813 | D:2      | Reached XP level 4. HP: 25/29 MP: 7/7
  2823 | D:2      | HP: 1/29 [acid (3)]
  2823 | D:2      | Slain by a jelly

Illustrated notes

Levels and vault maps discovered:
D:1:      dpeg_arrival_chambers_temple_mockup, layout_basic, serial_shops,
          nicolae_square_shop
D:2:      cheibrodos_fertilizer, layout_basic, ebering_ecumenical_altar_rust

Skill      XL: |  1  2  3 |
---------------+----------+-----
Stealth        | 2 3 4 |  4.0
Fighting       | |  1.8
Dodging        | |  2.0
Unarmed Combat | |  3.4
Spellcasting   | |  2.0
Transmutations | |  2.0

Action                   |  1- 3 |  4- 6 || total
-------------------------+-------+-------++-------
Melee: Unarmed           |    92 |    10 ||   102
       Tentacles         |    11 |       ||    11
       Constrict         |    20 |       ||    20
       Punch             |     1 |       ||     1
 Cast: Spider Form       |     2 |     1 ||     3
 Stab: Sleeping          |    18 |       ||    18
Armor: Skin              |     4 |       ||     4
Dodge: Dodged            |    39 |     5 ||    44

Table legend: (Time is in decaauts)
 A = Elapsed time spent in this place.
 B = Non-inter-level travel time spent in this place.
 C = Inter-level travel time spent in this place.
 D = Time resting spent in this place.
 E = Time spent auto-exploring this place.
 F = Levels seen in this place.
 G = Mean time per level.
                   A        B        C        D        E       F      G
               +--------+--------+--------+--------+--------+-----+--------+
         Total |   2817 |   2751 |     66 |   1383 |   1022 |   2 | 1408.5 |
       Dungeon |   2817 |   2751 |     66 |   1383 |   1022 |   2 | 1408.5 |
               +--------+--------+--------+--------+--------+-----+--------+

Top non-repeatable levels by time:
     D:2: 1444 daAuts
     D:1: 1373 daAuts
